 Dungeon Crawl Stone Soup version 0.16.1 (webtiles) character file.

100 Fiveotanaka the Cudgeler (level 4, -4/37 HPs)
             Began as a Minotaur Gladiator on Mar 24, 2015.
             Slain by an orc
             ... wielding a +0 morningstar
              (5 damage)
             ... on level 3 of the Dungeon.
             The game lasted 00:01:50 (1461 turns).

Fiveotanaka the Cudgeler (Minotaur Gladiator)       Turns: 1461, Time: 00:01:50

Health: -4/37      AC:  3    Str: 19    XL:     4   Next: 47%
Magic:  2/2        EV: 12    Int:  5    God:
Gold:   213        SH:  0    Dex: 12    Spells: 0 memorised, 3 levels left

rFire  . . .     SeeInvis .     a - +0 flail
rCold  . . .     Clarity  .     b - +0 leather armour
rNeg   . . .     SustAb   .     (no shield)
rPois  .         Gourm    .     c - +0 hat
rElec  .         Spirit   .     (no cloak)
rCorr  .         Warding  .     (no gloves)
rMut   .         Stasis   .     (no boots)
MR     .....                    (no amulet)
Stlth  +.........               (no ring)
                                (no ring)

@: lethally poisoned (-4 -> -13), not resistant to hostile enchantments, very
unstealthy
A: retaliatory headbutt, horns 2
a: no special abilities


You were on level 3 of the Dungeon.
You were not hungry.

You visited 1 branch of the dungeon, and saw 3 of its levels.

You collected 213 gold pieces.

Inventory:

Hand weapons
 a - a +0 flail (weapon)
Missiles
 d - 3 throwing nets (quivered)
Armour
 b - a +0 leather armour (worn)
 c - a +0 hat (worn)
Scrolls
 g - a scroll of random uselessness {unknown}
 h - 5 scrolls of identify {unknown}
 i - 3 scrolls of remove curse {unknown}
 o - a scroll of blinking {unknown}
Potions
 e - a potion of heal wounds {unknown}
 j - a potion of cancellation {unknown}
 k - a potion of curing {unknown}
 m - a potion of restore abilities {unknown}
 n - a potion of ambrosia {unknown}
Comestibles
 f - 2 bread rations
 l - a beef jerky


   Skills:
 - Level 2.4 Fighting
 + Level 6.4 Maces & Flails
 - Level 2.0 Throwing
 - Level 3.2 Dodging


You had 3 spell levels left.
You didn't know any spells.

Dungeon Overview and Level Annotations

Branches:
Dungeon (3/15)

Altars:
Vehumet


Innate Abilities, Weirdness & Mutations

You reflexively headbutt those who attack you in melee.
You have a pair of horns on your head.


Message History

The orc wizard closely misses you.
An orc comes into view. It is wielding a morningstar.
The orc shouts!
You hit the orc wizard!
The orc wizard is heavily wounded.
* * * LOW HITPOINT WARNING * * *
You feel sick. The orc barely misses you.
The orc wizard hits you with a dagger.
* * * LOW HITPOINT WARNING * * *
You closely miss the orc wizard. You headbutt the orc wizard.
The orc wizard is heavily wounded.
* * * LOW HITPOINT WARNING * * *
You feel sick. The orc barely misses you.
The orc wizard gestures wildly while chanting.
The orc wizard blinks!
You closely miss the orc. Your headbutt misses the orc.
* * * LOW HITPOINT WARNING * * *
You feel sick. The orc wizard barely misses you. You furiously retaliate!
You headbutt the orc wizard! The orc hits you with a morningstar.
You die...

#.. #..... #......
#s.... #o... #######...
# #........ .##
#.....§o# ..# #
#.....o@## #.# ##.
#......o.###### #.# #..
#......((.(...####.###.#
#......(###.........##.#
#######(# ####.........#
#.# #####.....† #(#
###...## #.#
#####......# #.#
#.....####..


You could see 2 orc wizards, a giant mite and 2 orcs.

Vanquished Creatures
  4 adders
  A giant gecko (D:1)
  An ooze (D:2)
  4 giant cockroaches
  9 goblins
  7 hobgoblins
  7 jackals (D:1)
  5 kobolds
  12 bats
  6 rats
56 creatures vanquished.

Notes
Turn   | Place    | Note
--------------------------------------------------------------
     0 | D:1      | Fiveotanaka, the Minotaur Gladiator, began the quest for the Orb.
     0 | D:1      | Reached XP level 1. HP: 18/18 MP: 1/1
    54 | D:1      | Reached skill level 4 in Maces & Flails
   130 | D:1      | Reached XP level 2. HP: 25/25 MP: 1/1
   366 | D:1      | Reached skill level 5 in Maces & Flails
   400 | D:1      | Reached XP level 3. HP: 27/30 MP: 2/2
   793 | D:2      | Reached XP level 4. HP: 20/37 MP: 2/2
  1045 | D:2      | Reached skill level 6 in Maces & Flails
  1410 | D:3      | Found a radiant altar of Vehumet.
  1461 | D:3      | HP: 1/37 [poisoned by a kobold]
  1461 | D:3      | Slain by an orc

Action                   |  1- 3 |  4- 6 || total
-------------------------+-------+-------++-------
Melee: Flail             |    90 |    24 ||   114
  Eat: Chunk             |       |     2 ||     2
